 Dungeon Crawl Stone Soup version 0.16-a0-1212-geefc3ab (webtiles) character file.

1215 Kashira the Chopper (level 8, -1/42 HPs)
             Began as a Vine Stalker Berserker on Oct 12, 2014.
             Was an Elder of Trog.
             Killed by divine providence
             ... invoked by an orc priest
              (7 damage)
             ... on level 6 of the Dungeon.
             The game lasted 00:09:14 (2652 turns).

Kashira the Chopper (Vine Stalker Berserker)        Turns: 2652, Time: 00:09:14

Health: -1/42      AC:  3    Str: 21    XL:     8   Next: 46%
Magic:  0/11       EV: 14    Int:  7    God:    Trog [****..]
Gold:   243        SH:  0    Dex: 15    Spells: 0 memorised, 7 levels left

rFire  . . .     SeeInvis .     n - +1 hand axe (chop)
rCold  . . .     Clarity  .     b - +0 animal skin
rNeg   . . .     SustAb   +     (no shield)
rPois  +         Gourm    .     (no helmet)
rElec  .         Spirit   +     (no cloak)
rCorr  .         Warding  .     (no gloves)
rMut   .         Stasis   .     o - +0 pair of boots
MR     +....                    (no amulet)
Stlth  +.........               m - ring of poison resistance
                                h - ring of sustain abilities

@: exhausted, slowed, very slow, somewhat resistant to hostile enchantments,
very unstealthy
A: fangs 3, regeneration 2, magic shield, antimagic bite, no device heal 3, rot
immunity
a: Burn Spellbooks, Berserk, Trog's Hand, Brothers in Arms, Renounce Religion


You were on level 6 of the Dungeon.
You worshipped Trog.
Trog was greatly pleased with you.
You were not hungry.

You visited 1 branch of the dungeon, and saw 6 of its levels.

You collected 243 gold pieces.

Inventory:

Hand weapons
 n - a +1 hand axe of chopping (weapon)
Missiles
 w - a silver javelin (quivered)
Armour
 b - a +0 animal skin (worn)
 o - a +0 pair of boots (worn)
Comestibles
 c - 5 bread rations
 d - a beef jerky
 g - a royal jelly
 v - 10 fruits
Scrolls
 a - a scroll of enchant weapon {unknown}
 f - 2 scrolls of recharging
 j - 3 scrolls of enchant armour {unknown}
 k - a scroll of amnesia {unknown}
 q - 3 scrolls of blinking {unknown}
 s - a scroll of identify
 t - 2 scrolls of random uselessness {unknown}
 u - a scroll of teleportation {unknown}
Jewellery
 h - a ring of sustain abilities (left hand)
 m - a ring of poison resistance (right hand)
Potions
 e - a potion of confusion {unknown}
 i - a potion of haste {unknown}
 l - a potion of mutation {unknown}
 r - 3 potions of curing
Books
 p - a book of Flames

   Spells                             Type                      Level
   Flame Tongue                       Conjuration/Fire             1
   Throw Flame                        Conjuration/Fire             2
   Conjure Flame                      Conjuration/Fire             3
   Inner Flame                        Hexes/Fire                   3
   Sticky Flame                       Conjuration/Fire             4
   Fireball                           Conjuration/Fire             5
   Trog disapproves of the use of such an item.


   Skills:
 + Level 4.4 Fighting
 * Level 7.5 Axes
 + Level 1.6 Armour
 + Level 4.3 Dodging


You had 7 spell levels left.
You didn't know any spells.

Dungeon Overview and Level Annotations

Branches:
Dungeon (6/15)
 Temple: D:4-7

Altars:
Ashenzari
Trog
Vehumet
Xom
Zin


Innate Abilities, Weirdness & Mutations

You have razor-sharp teeth.
You heal very quickly.
When hurt, damage is shared between your health and your magic reserves.
Your bite disrupts and absorbs the magic of your enemies.
Potions and wands cannot restore your health.
You are immune to rotting.


Message History

The orc priest is heavily wounded.
The orc priest mumbles some strange prayers to Beogh against you.
Something smites you!
* * * LOW HITPOINT WARNING * * *
The orc hits you but does no damage.
Throwing (i - inventory):
w - 3 silver javelins (quivered)
Press: ? - help, Shift-Dir - straight line, f/p - orc
Aim: an orc wearing a scale mail You throw a silver javelin.
The silver javelin hits the orc.
The orc is heavily wounded.
The orc completely misses you. The orc closely misses you.
Throwing (i - inventory):
w - 2 silver javelins (quivered)
Press: ? - help, Shift-Dir - straight line, f/p - orc
Aim: an orc wearing a scale mail (heavily wounded)
You throw a silver javelin. The silver javelin hits the orc!
You kill the orc!
Trog accepts your kill.
The orc priest mumbles some strange prayers to Beogh against you.
Something smites you!
You die...

...# ####.....#
##.# ####..# #ยง#
#########..######
#.#
#.................
#.#
#.#######..######
...# .#######..#
### ..........#
>.######.## #@#
#[# #o# #go.o.F#
..###..# ##.# #
#.# #.# #.#


You could see an orc priest, an orc and a goblin.

Vanquished Creatures
  A steam dragon (D:6)
  2 black bears (D:6)
  2 orc warriors (D:6)
  3 ogres (D:6)
  A hippogriff skeleton (D:6)
  A crimson imp (D:6)
  A hound (D:4)
  2 orc priests
  2 orc wizards (D:6)
  A worker ant (D:4)
  Jessica (D:3)
  An ogre skeleton (D:4)
  The ghost of SnowFan the Ruinous, a weakling DECj (D:4)
  6 adders
  2 giant mites
  3 worms
  2 giant geckos
  An ooze (D:1)
  13 orcs
  3 giant cockroaches
  7 hobgoblins
  6 kobolds
  4 bats
  3 giant newts (D:1)
  9 goblins
  A jackal (D:3)
  A quokka (D:3)
  7 rats
87 creatures vanquished.

Notes
Turn   | Place    | Note
--------------------------------------------------------------
     0 | D:1      | Kashira, the Vine Stalker Berserker, began the quest for the Orb.
     0 | D:1      | Reached XP level 1. HP: 11/11 MP: 1/1
   139 | D:1      | Reached skill level 3 in Axes
   148 | D:1      | Reached XP level 2. HP: 13/16 MP: 3/3
   254 | D:1      | Found a shimmering altar of Xom.
   458 | D:2      | Reached XP level 3. HP: 10/19 MP: 2/4
   461 | D:2      | Acquired Trog's second power
   579 | D:2      | Reached skill level 4 in Axes
   620 | D:2      | Found a glowing silver altar of Zin.
   704 | D:2      | Reached XP level 4. HP: 15/23 MP: 5/5
  1041 | D:3      | Noticed Jessica
  1048 | D:3      | Killed Jessica
  1048 | D:3      | Reached skill level 5 in Axes
  1048 | D:3      | Reached XP level 5. HP: 25/27 MP: 7/7
  1704 | D:4      | Gained mutation: You heal very quickly. [vine stalker growth]
  1704 | D:4      | Reached XP level 6. HP: 26/32 MP: 8/8
  1747 | D:4      | Noticed SnowFan's ghost (weakling DECj)
  1752 | D:4      | Killed SnowFan's ghost
  2168 | D:5      | Entered Level 5 of the Dungeon
  2235 | D:6      | Reached skill level 6 in Axes
  2287 | D:6      | Reached XP level 7. HP: 18/36 MP: 5/9
  2372 | D:6      | Found a bloodstained altar of Trog.
  2443 | D:6      | Reached skill level 7 in Axes
  2476 | D:6      | Found a shattered altar of Ashenzari.
  2477 | D:6      | Found a radiant altar of Vehumet.
  2502 | D:6      | Gained mutation: You have razor-sharp teeth. [vine stalker growth]
  2502 | D:6      | Reached XP level 8. HP: 16/42 MP: 11/11
  2556 | D:6      | Acquired Trog's third power
  2625 | D:6      | Noticed a steam dragon
  2642 | D:6      | Killed a steam dragon
  2644 | D:6      | Received a gift from Trog
  2652 | D:6      | Killed from afar by an orc priest

Action                   |  1- 3 |  4- 6 |  7- 9 || total
-------------------------+-------+-------+-------++-------
Melee: Hand axe          |    91 |   120 |    55 ||   266
Throw: Javelin           |       |       |     3 ||     3
Invok: Berserk           |     1 |     4 |     4 ||     9
  Use: Scroll            |       |     4 |       ||     4
       Potion            |       |       |     1 ||     1
 Stab: Distracted        |       |     1 |       ||     1
  Eat: Chunk             |       |     7 |       ||     7
       Meat ration       |       |     1 |       ||     1
       Beef jerky        |       |       |     2 ||     2
